 Dungeon Crawl Stone Soup version 0.17-a0-1368-g6ab37f2 (webtiles) character file.

81 bal the Sneak (level 4, 0/30 HPs)
             Began as a Vampire Ice Elementalist on June 12, 2015.
             Was an Initiate of Sif Muna.
             Slain by an ice beast (6 damage)
             ... on level 3 of the Dungeon.
             The game lasted 00:11:06 (2158 turns).

bal the Sneak (Vampire Ice Elementalist)            Turns: 2158, Time: 00:11:06

Health: 0/30       AC: 13    Str:  7      XL:     4   Next: 20%
Magic:  6/8        EV: 13    Int: 20 (23) God:    Sif Muna [......]
Gold:   140        SH:  0    Dex: 14      Spells: 3 memorised, 2 levels left

rFire  . . .     SeeInvis +     h - +0 dagger
rCold  + . .     Clarity  .     a - +0 robe
rNeg   + + .     SustAt   .     (no shield)
rPois  +         Gourm    .     f - +0 helmet
rElec  .         Spirit   .     (no cloak)
rCorr  .         Warding  .     j - +2 pair of gloves
rMut   .         Stasis   .     c - +1 pair of boots
MR     .....                    (no amulet)
Stlth  +++.......               (no ring)
                                (no ring)

@: brilliant, icy armour, regenerating slowly, not resistant to hostile
enchantments, fairly stealthy
A: fangs 3, see invisible, unbreathing
a: Bat Form, Renounce Religion


You were on level 3 of the Dungeon.
You worshipped Sif Muna.
Sif Muna was noncommittal.
You were thirsty.

You visited 1 branch of the dungeon, and saw 3 of its levels.

You collected 140 gold pieces.

Inventory:

Hand weapons
 e - a +0 club
 h - a +0 dagger (weapon)
 o - a +0 hunting sling
Armour
 a - a +0 robe (worn)
 c - a +1 pair of boots (worn)
 d - a +0 helmet
 f - a +0 helmet (worn)
 i - a +0 cloak
 j - a +2 pair of gloves (worn)
Magical staves
 p - an uncursed staff of power
Magical devices
 k - a wand of frost (20)
Scrolls
 q - a scroll of identify
Potions
 g - 2 potions of poison
 l - a potion of cancellation
 m - 2 potions of blood
Books
 b - a book of Frost

   Spells                             Type                      Level
   a - Freeze                         Ice                          1
   b - Throw Frost                    Conjuration/Ice              2
   c - Ozocubu's Armour               Charms/Ice                   3
   d - Throw Icicle                   Conjuration/Ice              4
   e - Summon Ice Beast               Ice/Summoning                4
   f - Condensation Shield            Ice                          4


   Skills:
 + Level 0.1 Fighting
 + Level 0.2 Short Blades
 + Level 2.9 Dodging
 + Level 4.5 Stealth
 + Level 2.7 Spellcasting
 + Level 0.7 Conjurations
 + Level 3.4 Ice Magic


You had 2 spell levels left.
You knew the following spells:

 Your Spells              Type           Power        Failure   Level  Hunger
a - Freeze                Ice            ####         1%          1    None
b - Throw Frost           Conj/Ice       ###...       1%          2    ##.....
c - Ozocubu's Armour      Chrm/Ice       ###.....     3%          3    ###....


Dungeon Overview and Level Annotations

Branches:
Dungeon (3/15)

Altars:
Cheibriados
Kikubaaqudgha
Sif Muna
Trog
Vehumet


Innate Abilities, Weirdness & Mutations

You heal slowly.
You have razor-sharp teeth.
You have supernaturally acute eyesight.
You can survive without breathing.


Message History

Okay, then.
Drink which item? (? for menu, Esc to quit)
You feel clever all of a sudden.
The ice beast hits you but does no damage.
You hit the ice beast.
The ice beast is heavily wounded.
The ice beast closely misses you.
You barely miss the ice beast.
The ice beast is heavily wounded.
The ice beast barely misses you.
You hit the ice beast but do no damage.
The ice beast is heavily wounded.
You are feeling thirsty.
The ice beast hits you but does no damage.
You hit the ice beast.
The ice beast is heavily wounded.
The ice beast hits you.
* * * LOW HITPOINT WARNING * * *
The ice beast freezes you. You resist.
You die...

##.#..##.# #.#....##.#
##.#####<#####†#....##.#
...........>..).....##.#
.......##.#.###.....##.#
.....#.##.#.###.....##.#
.....#<.............##.# ##
.....#......##......##.# ..
.....#......##......+..# .#
.....#..........@Y..#### .#
.....#..............#####.#
.....#.........#..........#
..........#.##.#.#..........#
..........#.##.#.############
..........+....#.#
..........#..###.# ######
...........)...#.# #.....
....##'#'###...#.# ####.###.


You could see an ice beast.

Vanquished Creatures
  A hound (D:3)
  An ooze (D:3)
  2 giant geckos
  3 orcs (D:3)
  5 goblins
  4 hobgoblins
  2 jackals (D:1)
  A quokka (D:2)
  3 bats
  6 giant cockroaches
  2 giant newts
  9 kobolds
  6 rats
45 creatures vanquished.

Vanquished Creatures (others)
  A goblin (D:3)
1 creature vanquished.

Grand Total: 46 creatures vanquished

Notes
Turn   | Place    | Note
--------------------------------------------------------------
     0 | D:1      | bal the Vampire Ice Elementalist began the quest for the Orb.
     0 | D:1      | Reached XP level 1. HP: 13/13 MP: 3/3
   330 | D:1      | Reached XP level 2. HP: 13/19 MP: 0/5
   346 | D:1      | Learned a level 2 spell: Throw Frost
   718 | D:2      | Found a deep blue altar of Sif Muna.
   732 | D:2      | Became a worshipper of Sif Muna the Loreminder
  1435 | D:2      | Found an ancient bone altar of Kikubaaqudgha.
  1525 | D:3      | Reached XP level 3. HP: 24/24 MP: 0/6
  1546 | D:3      | Learned a level 3 spell: Ozocubu's Armour
  1552 | D:3      | Found a bloodstained altar of Trog.
  1596 | D:3      | Reached skill level 4 in Stealth
  1735 | D:3      | Reached XP level 4. HP: 30/30 MP: 5/8
  1980 | D:3      | Noticed an ice beast
  2002 | D:3      | Found a radiant altar of Vehumet.
  2075 | D:3      | Found a snail-covered altar of Cheibriados.
  2158 | D:3      | Slain by an ice beast

Vault maps used:
D:1:      eino_arrival_cavern_a, minmay_misc_feat_five
D:2:      old_standard_altar, overflow_temple_1_default
D:3:      lemuel_coloured_pillars_altar, fiery_altar_vehumet, first_bread,
          trog_three_pillars_becter

Action                   |  1- 3 |  4- 6 || total
-------------------------+-------+-------++-------
Melee: Club              |     8 |       ||     8
       Dagger            |    39 |    16 ||    55
 Cast: Freeze            |    19 |     5 ||    24
       Throw Frost       |    15 |     4 ||    19
       Ozocubu's Armour  |       |     3 ||     3
Evoke: Wand              |       |     4 ||     4
  Use: Potion            |     6 |     6 ||    12
       Scroll            |     2 |     1 ||     3
 Stab: Sleeping          |    10 |     2 ||    12
